 Dungeon Crawl Stone Soup version 0.31.0-11-ge490571c62 (webtiles) character file.

Game seed: 15924769329688036238

9548 firemarshallily the Thaumaturge (level 11, -18/80 HPs)
             Began as a Merfolk Summoner on Feb 4, 2024.
             Was a Believer of Hepliaklqana.
             Killed from afar by Lodul (38 damage)
             ... with a bolt of lightning
             ... on level 10 of the Dungeon.
             The game lasted 00:41:12 (10452 turns).

firemarshallily the Thaumaturge (Merfolk Summoner) Turns: 10452, Time: 00:41:12

Health: -18/80     AC:  7    Str: 12    XL:     11   Next: 48%
Magic:  21/26      EV: 18    Int: 28    God:    Hepliaklqana [**....]
Gold:   607        SH:  0    Dex: 11    Spells: 26/32 levels left

rFire   . . .        K - +4 trident
rCold   + . .        (no shield)
rNeg    . . .        D - +1 robe {rC+}
rPois   .            m - +1 hat
rElec   .            y - +0 cloak of Loil {Str+3 Int+3 Dex-3}
rCorr   .            x - +1 pair of gloves
SInv    .            (no boots)
Will    .....        (no amulet)
Stlth   ++           L - +6 ring of intelligence
HPRegen 0.33/turn    t - +5 ring of evasion
MPRegen 0.20/turn

%: no passive effects
@: unable to call your familiar
A: reduced essence, (nimble swimmer 2), mertail
a: Renounce Religion, Recall Ancestor, Ancestor Identity


You were on level 10 of the Dungeon.
You worshipped Hepliaklqana.
Hepliaklqana was pleased with you.
You visited 2 branches of the dungeon, and saw 11 of its levels.

You collected 607 gold pieces.

Inventory:

Hand Weapons
 k - a +2 vampiric dagger
 C - the +7 staff of the Meek {protect, meekguard}
   (You found it on level 5 of the Dungeon)
 K - a +4 trident (weapon)
Missiles
 h - 31 poisoned darts (quivered)
 A - 3 darts of dispersal
 B - 7 atropa-tipped darts
Armour
 a - a +0 robe
 f - a +0 leather armour
 i - a +0 cloak
 m - a +1 hat (worn)
 x - a +1 pair of gloves (worn)
 y - the +0 cloak of Loil (worn) {Str+3 Int+3 Dex-3}
   (You found it on level 4 of the Dungeon)

   Str+3:     It affects your strength (+3).
   Int+3:     It affects your intelligence (+3).
   Dex-3:     It affects your dexterity (-3).
 D - a +1 robe of cold resistance (worn)
Jewellery
 r - a ring of protection from cold
 t - a +5 ring of evasion (right hand)
 u - a ring of see invisible
 G - a ring of wizardry
 L - a +6 ring of intelligence (left hand)
 N - a ring of magical power
Wands
 d - a wand of acid (4)
 I - a wand of flame (35)
 M - a wand of paralysis (3)
Scrolls
 p - a scroll of poison
 q - 2 scrolls of immolation
 w - a scroll of amnesia
 z - 3 scrolls of vulnerability
 E - 2 scrolls of teleportation
 H - 2 scrolls of silence
Potions
 b - 2 potions of magic
 c - a potion of mutation {unknown}
 e - 2 potions of heal wounds {unknown}
 g - a potion of haste {unknown}
 j - 4 potions of curing
 l - 2 potions of resistance {unknown}
 n - a potion of lignification {unknown}
 o - 2 potions of might {unknown}
 s - a potion of berserk rage {unknown}
 v - 2 potions of attraction
 F - a potion of enlightenment {unknown}
 J - a potion of degeneration {unknown}


   Skills:
 + Level 9.2 Fighting
 - Level 6.0 Polearms
 - Level 3.8 Dodging
 - Level 2.1 Stealth
 * Level 11.2 Spellcasting
 + Level 9.5 Summonings


You had 26 spell levels left.
You knew the following spells:

 Your Spells              Type           Power      Damage    Failure   Level
a - Summon Small Mammal   Summ           100%       N/A       1%          1
b - Call Imp              Summ           100%       N/A       1%          2
c - Call Canine Familiar  Summ           62%        N/A       1%          3

Your spell library contained the following spells:

 Spells                   Type           Power      Damage    Failure   Level
 Foxfire                  Conj/Fire      60%        2x1d7     3%          1
 Summon Blazeheart Golem  Fire/Summ      42%        N/A       4%          4
 Summon Lightning Spire   Summ/Air       42%        N/A       4%          4
 Dazzling Flash           Conj/Hex       30%        N/A       11%         3
 Mephitic Cloud           Conj/Alch/Air  15%        N/A       11%         3
 Sigil of Binding         Hex            15%        N/A       11%         3
 Dimensional Bullseye     Hex/Tloc       7%         N/A       34%         4
 Curse of Agony           Necr           15%        N/A       69%         5
 Silence                  Hex/Air        7%         N/A       69%         5
 Plasma Beam              Fire/Air       7%         2x1d18    99%         6
 Starburst                Conj/Fire      7%         6d4       99%         6


Dungeon Overview and Level Annotations

Branches:
Dungeon (10/15)            Temple (1/1) D:7            Lair (0/5) D:8
    Orc: D:9-12

Altars:
Ashenzari
Cheibriados
Dithmenos
Elyvilon
Fedhas
Gozag
Hepliaklqana
Kikubaaqudgha
Makhleb
Nemelex Xobeh
Okawaru
Qazlal
Ru
Sif Muna
Trog
Uskayaw
Vehumet
Wu Jian
Xom
Yredelemnul
Zin
The Shining One

Shops:
D:1 =

Annotations:
D:6 1 runed translucent door, gebbletook2's ghost, novice SpGl
D:7 1 transporter, oldriver's ghost, novice FoAl
D:10 Lodul


Innate Abilities, Weirdness & Mutations

Your life essence is reduced to manifest your ancestor. (-10% HP)
((You are very nimble when in or above water. (Stealth+, EV+, Speed+++)))
Your lower body shifts to a powerful aquatic tail in water.


Message History

Your cerulean imp hits the ogre with a +1 spear.
The ogre dies!
Reach: K) +4 trident
Press: ? - help, Dir - move target, f/p - ogre
Aim: an ogre, wielding a +0 giant club (almost dead, ally target, about 21% to evade your +4 trident)
You reach to attack!
You puncture the ogre!
You kill the ogre!
The ogre barely misses your cerulean imp.
Your inugami hits Lodul!
Your cerulean imp hits the ogre with a +1 spear.
Casting: Summon Small Mammal (safe; 1% risk of failure)
Confirm with . or Enter, or press ? or * to list all spells.
The ogre hits your cerulean imp with a +0 giant spiked club!!
Your cerulean imp dies!
Your cerulean imp disappears in a puff of smoke!
Lodul zaps a wand.
The mass of ice explodes!
The iceblast engulfs you! You partially resist.
The iceblast engulfs your inugami. The iceblast engulfs your bat!!
Your bat dies!
Your bat's corpse disappears in a puff of smoke!
Your inugami hits Lodul! You puncture the ogre!
The ogre is moderately wounded.
The ogre hits you with a +0 giant club!!
* * * LOW HITPOINT WARNING * * *
The ogre barely misses your inugami.
Your inugami hits the ogre!
You swap places.
Your bat hits Lodul but does no damage. x2
Lodul misses your bat.
Your bat hits the ogre but does no damage.
The ogre barely misses your inugami.
Your inugami completely misses the ogre.
Your bat hits the ogre but does no damage.
The ogre misses your inugami.
The ogre hits your inugami with a +0 giant club!!
Your inugami dies!
Your inugami disappears in a puff of smoke!
There is a stone staircase leading down here.
Electricity crackles from Lodul's apparatus.
The bolt of lightning hits you!!!
You die...

##.##..# ##.##..#
#.#
#.##..O#..#######.#
#........O.....##.#
#..#...#.#..##.##.#
#..#####.#.>##.##.#
... ..#..##.##.#
### ####.b##.##.#
######.@##.##.#
..............#
####.#.###.####
#.#.###.#
........######
##............#
############.# #.#
#.#


You could see Lodul and a friendly bat (summoned).

Vanquished Creatures
  A two-headed ogre (D:9)
  3 death yaks
  A troll (D:9)
  11 yaks
  An orc warrior (D:9)
  An ogre (D:10)
  A phantom (D:6)
  3 bullfrogs
  4 wights
  2 killer bees (D:10)
  A jelly (D:5)
  An orc wizard (D:8)
  A gnoll (D:6)
  2 adders
  2 white imps
  6 orcs
  An endoplasm (D:1)
  3 giant cockroaches
  2 goblins
  2 hobgoblins (D:3)
  2 jackals (D:1)
  A kobold (D:2)
  A quokka (D:4)
  2 ball pythons
  A frilled lizard (D:1)
  2 rats
58 creatures vanquished.

Vanquished Creatures (collateral kills)
  A raiju (D:10)
  A shadow (D:9)
  8 yaks
  A wraith (D:10)
  A vampire (D:9)
  2 acid dragons
  A water moccasin (D:7)
  An orc warrior (D:8)
  3 ice beasts
  A black bear (D:7)
  A centaur (D:7)
  5 ogres
  A phantom (D:5)
  A kobold brigand (D:9)
  3 bullfrogs
  A gnoll sergeant (D:6)
  2 scorpions (D:5)
  7 wights
  2 killer bees (D:10)
  The ghost of LobsterGuardian the Slasher, a weakling DsMo (D:3)
  A howler monkey (D:6)
  3 bombardier beetles
  2 orc priests
  2 jellies
  A sleepcap (D:7)
  2 iguanas
  4 orc wizards
  4 gnolls (D:6)
  4 adders
  A dart slug (D:1)
  A ribbon worm (D:2)
  15 orcs
  4 ball pythons
  4 endoplasms
  3 giant cockroaches
  9 goblins
  3 hobgoblins
  4 jackals
  6 kobolds
  A quokka (D:3)
  3 bats
  A frilled lizard (D:2)
  A rat (D:1)
123 creatures vanquished.

Vanquished Creatures (others)
  4 hexers (D:10)
  8 ancestors
12 creatures vanquished.

Grand Total: 193 creatures vanquished

Notes
Turn   | Place    | Note
-------+----------+-------------------------------------------
     0 | D:1      | firemarshallily the Merfolk Summoner began the quest for
                  | the Orb.
     0 | D:1      | Reached XP level 1. HP: 13/13 MP: 3/3
   136 | D:1      | Reached XP level 2. HP: 11/20 MP: 0/5
   310 | D:1      | Found Ulaesoth's One-of-a-Kind Rings.
   462 | D:1      | Learned a level 2 spell: Call Imp
   467 | D:1      | Reached skill level 1 in Fighting
   472 | D:1      | Reached XP level 3. HP: 26/26 MP: 1/6
   479 | D:1      | Learned a level 3 spell: Call Canine Familiar
  1421 | D:2      | Found a faded altar of an unknown god.
  1480 | D:2      | Reached XP level 4. HP: 31/32 MP: 8/8
  1630 | D:3      | Reached skill level 3 in Spellcasting
  1873 | D:3      | Noticed LobsterGuardian's ghost (weakling DsMo)
  1895 | D:3      | Reached XP level 5. HP: 30/38 MP: 5/9
  2108 | D:3      | Found a runed translucent gate.
  2108 | D:3      | Found a runed translucent gate.
  2108 | D:3      | Found a runed translucent gate.
  2427 | D:3      | Killed LobsterGuardian's ghost
  2428 | D:3      | Reached skill level 1 in Polearms
  2669 | D:4      | Identified the +0 cloak of Loil {Str+3 Int+3 Dex-3}
  3061 | D:4      | Reached XP level 6. HP: 31/46 MP: 11/11
  3593 | D:5      | Entered Level 5 of the Dungeon
  3754 | D:5      | Reached skill level 4 in Spellcasting
  3884 | D:5      | Reached skill level 5 in Summonings
  3999 | D:5      | Found the +7 staff of the Meek {protect, meekguard}
  4130 | D:5      | Reached XP level 7. HP: 40/52 MP: 8/13
  4291 | D:5      | Found an opulent altar of Gozag.
  4516 | D:6      | Found a runed translucent door.
  4540 | D:6      | Reached skill level 5 in Spellcasting
  4743 | D:6      | Noticed gebbletook2's ghost (novice SpGl)
  4793 | D:6      | Reached XP level 8. HP: 60/60 MP: 8/16
  4831 | D:6      | Found a stormy altar of Qazlal.
  5347 | D:6      | Found a glowing silver altar of Zin.
  5763 | D:7      | Reached skill level 6 in Spellcasting
  5817 | D:7      | Found a staircase to the Ecumenical Temple.
  5828 | Temple   | Entered the Ecumenical Temple
  5838 | Temple   | Became a worshipper of Hepliaklqana the Forgotten
  6083 | D:7      | Found a transporter.
  6084 | D:7      | Noticed oldriver's ghost (novice FoAl)
  6087 | D:7      | Identified the +3 dire flail of the Lost Allies {vamp,
                  | ^Drain MP+9 Int+8}
  6175 | D:7      | Reached skill level 5 in Polearms
  6177 | D:7      | Reached skill level 5 in Fighting
  6508 | D:7      | Reached XP level 9. HP: 68/68 MP: 10/19
  6743 | D:7      | Reached * piety under Hepliaklqana
  6853 | D:7      | Reached skill level 7 in Spellcasting
  7148 | D:8      | Noticed a death yak
  7155 | D:8      | Noticed a death yak
  7157 | D:8      | Noticed a death yak
  7160 | D:8      | Killed a death yak
  7161 | D:8      | Reached skill level 8 in Spellcasting
  7161 | D:8      | Reached XP level 10. HP: 58/69 MP: 6/22
  7168 | D:8      | Reached skill level 9 in Spellcasting
  7182 | D:7      | Killed a death yak
  8064 | D:8      | Killed a death yak
  8154 | D:8      | Found a staircase to the Lair.
  8247 | D:8      | Found a bloodstained altar of Trog.
  9025 | D:9      | Reached skill level 10 in Spellcasting
  9100 | D:9      | Noticed a two-headed ogre
  9118 | D:9      | Killed a two-headed ogre
  9119 | D:9      | Reached XP level 11. HP: 78/78 MP: 20/25
  9717 | D:9      | Reached ** piety under Hepliaklqana
  9718 | D:9      | Remembered your ancestor Maria as a hexer
  9833 | D:10     | Entered Level 10 of the Dungeon
  9930 | D:10     | Reached skill level 11 in Spellcasting
 10428 | D:10     | Noticed Lodul
 10452 | D:10     | Killed from afar by Lodul

Illustrated notes

Levels and vault maps discovered:
D:1:      psy_arrival_dodecagon, layout_rooms, minmay_gold_behind_fungi,
          nicolae_shop_unique_rings, solitary_fountain,
          amcnicky_mini_corridor_feature
D:2:      layout_basic, hellmonk_ecumenical_altar_lost_god,
          minmay_misc_feat_rows
D:3:      layout_basic, gammafunk_ghost_split
D:4:      layout_loops_corners
D:5:      layout_loops_cross, nicolae_gozag_cash_rules_everything_around_me,
          nicolae_elevator_lobby_plus
D:6:      layout_loops_corners, nicolae_qazlal_general_emergency,
          mainiacjoe_overflow_catwalk, hellmonk_ghost_happy_afterlife,
          grunt_ministairs_3
D:7:      layout_gridville, gammafunk_ghost_smash, kennysheep_generic_room_11
D:8:      layout_basic, nicolae_overflow_crystal_walls, dpeg_lair_monsters,
          corexii_hall_statues_x
D:9:      layout_loops_cross
D:10:     layout_loops_ring, nicolae_have_a_lightning_rod, uniq_lodul
Temple:   mainiacjoe_temple_bowtie_tessellation

Skill      XL: |  1  2  3  4  5  6  7  8  9 10 11 |
---------------+----------------------------------+-----
Dodging        | 3 |  3.8
Fighting       | 1 2 3 4 5 6 8 9 |  9.2
Spellcasting   | 3 4 5 6 8 10 11 | 11.2
Polearms       | 1 2 3 5 6 |  6.0
Summonings     | 5 6 7 8 9 |  9.5
Stealth        | |  2.1

Action                     |  1- 3 |  4- 6 |  7- 9 | 10-12 || total
---------------------------+-------+-------+-------+-------++-------
  Melee: Dagger            |    55 |    24 |       |       ||    79
         Unarmed           |     1 |       |       |       ||     1
         Trident           |       |    45 |   108 |   160 ||   313
         Punch             |       |       |     2 |     1 ||     3
  Throw: Dart              |       |       |     1 |       ||     1
   Cast: Summon Small Mamm |    36 |    21 |    48 |    35 ||   140
         Call Imp          |    14 |    13 |    31 |    26 ||    84
         Call Canine Famil |       |    14 |    21 |    16 ||    51
 Invoke: Ancestor Identity |       |       |     1 |       ||     1
         Ancestor Life: He |       |       |       |     1 ||     1
    Use: Scroll            |       |     7 |     1 |     7 ||    15
         Potion            |       |       |       |     4 ||     4
   Stab: Sleeping          |     2 |     1 |       |       ||     3
         Distracted        |       |       |     4 |     3 ||     7
 Armour: Robe              |    38 |    29 |    40 |    59 ||   166
  Dodge: Dodged            |    53 |    43 |    74 |    60 ||   230
